 Seeded DCSS version 0.31-a0-232-gb1c03b2570 (webtiles) character file.

Game seed: 13427028259722252286 (custom seed)

67 innerfire43 the Trooper (level 4, -1/37 HPs)
             Began as a Demonspawn Monk on July 7, 2023.
             Succumbed to a kobold's poison
             ... on level 2 of the Dungeon.
             The game lasted 00:01:41 (1267 turns).

innerfire43 the Trooper (Demonspawn Monk)           Turns: 1267, Time: 00:01:41

Health: -1/37      AC:  7    Str: 14    XL:     4   Next: 0%
Magic:  4/4        EV: 13    Int: 11    God:
Gold:   37         SH:  0    Dex: 15    Spells: 3/3 levels left

rFire   + . .        a - +0 hand axe
rCold   + . .        d - orb {light}
rNeg    . . .        b - +0 robe
rPois   +            (no helmet)
rElec   +            f - +0 cloak
rCorr   +            k - +0 pair of gloves
SInv    .            l - +0 pair of boots
Will    .....        (no amulet)
Stlth   +            (no ring)
HPRegen 0.26/turn    (no ring)
MPRegen 0.09/turn

%: no passive effects
@: lethally poisoned (-1 -> -11), resistant, attractive, slowed, glowing, very
slow
A: thin metallic scales 1, demonic guardian 1
a: no special abilities


You were on level 2 of the Dungeon.
You visited 1 branch of the dungeon, and saw 2 of its levels.

You collected 37 gold pieces.

Inventory:

Hand Weapons
 a - a +0 hand axe (weapon)
Armour
 b - a +0 robe (worn)
 d - an orb of light (worn)
 f - a +0 cloak (worn)
 k - a +0 pair of gloves (worn)
 l - a +0 pair of boots (worn)
Jewellery
 m - a ring of willpower
 n - a +6 ring of strength
Scrolls
 g - a scroll of revelation {unknown}
 i - a scroll of teleportation {unknown}
 j - a scroll of immolation {unknown}


   Skills:
 + Level 3.7 Fighting
 + Level 3.3 Axes
 + Level 3.3 Dodging


You had 3 spell levels left.
You didn't know any spells.
Your spell library was empty.

Dungeon Overview and Level Annotations

Branches:
Dungeon (2/15)

Altars:

Shops:
D:1 (


Innate Abilities, Weirdness & Mutations

You are partially covered in thin metallic scales. (AC +2)
A weak demonic guardian rushes to your aid.


Message History

You are poisoned.
The kobold barely misses you.
There are monsters nearby!
You hit the kobold but do no damage.
You feel very sick.
The kobold hits you with a +0 whip of venom.
A demonic guardian appears!
You are more poisoned.
There are monsters nearby!
You barely miss the kobold.
You feel very sick.
The kobold hits you with a +0 whip of venom.
You are lethally poisoned!
The kobold barely misses you.
You are too injured to fight recklessly!
There is a lethal amount of poison in your body!
You are too injured to fight recklessly!
You are too injured to fight recklessly!
Unknown command.
It was a potion of attraction.
You feel attractive to monsters.
* * * LOW HITPOINT WARNING * * *
You feel extremely sick.
Your shadow imp gestures at the kobold.
The kobold writhes in agony!
The kobold dies!
The endoplasm barely misses you.
You have reached level 4!
You feel stronger.
It was a potion of resistance.
You feel protected.
* * * LOW HITPOINT WARNING * * *
You feel very sick. The endoplasm hits you.
* * * LOW HITPOINT WARNING * * *
Your shadow imp barely misses the endoplasm.
The endoplasm closely misses you.
You hit the endoplasm.
The endoplasm is severely wounded.
You die...

######....#...#
#........##...#
#.#########...# #.#
#####...## #)#
#......... #.#
#.......?. #.#
#.........
...####.#####.....?...
.............5@)......
...###.#..###.J.......
#.#....#.........
#.#....#.........
#.#....+.........
#.#<.#.#.........
#.#..#.#.........
#.#..#.#.........


You could see an endoplasm (ally target) and a friendly shadow imp (summoned).

Vanquished Creatures
  Natasha (D:2)
  A dart slug (D:1)
  2 bats (D:1)
  5 endoplasms
  3 giant cockroaches (D:1)
  3 goblins
  A hobgoblin (D:2)
  3 quokkas
  4 ball pythons
  4 frilled lizards (D:1)
  6 kobolds
  6 rats
39 creatures vanquished.

Vanquished Creatures (collateral kills)
  A kobold (D:2)
1 creature vanquished.

Vanquished Creatures (others)
  A frilled lizard (D:1)
1 creature vanquished.

Grand Total: 41 creatures vanquished

Notes
Turn   | Place    | Note
-------+----------+-------------------------------------------
     0 | D:1      | innerfire43 the Demonspawn Monk began the quest for the
                  | Orb.
     0 | D:1      | Reached XP level 1. HP: 18/18 MP: 1/1
   213 | D:1      | Gained mutation: You are partially covered in thin metallic
                  | scales. (AC +2) [demonic ancestry]
   213 | D:1      | Reached XP level 2. HP: 24/24 MP: 2/2
   577 | D:1      | Found Foghidol's Weapon Shoppe.
   604 | D:1      | Gained mutation: A weak demonic guardian rushes to your
                  | aid. [demonic ancestry]
   604 | D:1      | Reached XP level 3. HP: 28/29 MP: 3/3
  1225 | D:2      | Noticed Natasha
  1247 | D:2      | Killed Natasha
  1266 | D:2      | Reached XP level 4. HP: 7/37 MP: 4/4
  1267 | D:2      | Succumbed to a kobold's poison

Illustrated notes

Levels and vault maps discovered:
D:1:      nzn_arrival_depleted_hourglass, layout_basic, serial_shops, shop,
          nicolae_houndstooth_variations
D:2:      layout_basic, serial_shops, nicolae_shop_getting_attention,
          uniq_natasha

Skill      XL: |  1  2 |
---------------+-------+-----
Dodging        | 3 |  3.3
Axes           | 3 |  3.3
Fighting       | |  3.7

Action                     |  1- 3 |  4- 6 || total
---------------------------+-------+-------++-------
  Melee: Hand axe          |    95 |     1 ||    96
    Use: Potion            |     2 |     1 ||     3
 Armour: Robe              |    23 |       ||    23
  Dodge: Dodged            |    79 |     1 ||    80

Table legend: (Time is in decaauts)
 A = Elapsed time spent in this place.
 B = Non-inter-level travel time spent in this place.
 C = Inter-level travel time spent in this place.
 D = Time resting spent in this place.
 E = Time spent auto-exploring this place.
 F = Levels seen in this place.
 G = Mean time per level.
                   A        B        C        D        E       F      G
               +--------+--------+--------+--------+--------+-----+--------+
         Total |   1301 |   1222 |     79 |      0 |    929 |   2 |  650.5 |
       Dungeon |   1301 |   1222 |     79 |      0 |    929 |   2 |  650.5 |
               +--------+--------+--------+--------+--------+-----+--------+

Top non-repeatable levels by time:
     D:1: 918 daAuts
     D:2: 383 daAuts
